 Dungeon Crawl Stone Soup version 0.20.1-1-g8b1a95d (webtiles) character file.

41 vineage the Skirmisher (level 3, -5/29 HPs)
             Began as a Demonspawn Berserker on Aug 19, 2017.
             Was a Follower of Trog.
             Slain by Sigmund
             ... wielding a +0 scythe
              (9 damage)
             ... on level 2 of the Dungeon.
             The game lasted 00:02:03 (1353 turns).

vineage the Skirmisher (Demonspawn Berserker)       Turns: 1353, Time: 00:02:04

Health: -5/29      AC:  5    Str: 18    XL:     3   Next: 32%
Magic:  0/3        EV: 12    Int:  8    God:    Trog [*.....]
Gold:   16         SH:  0    Dex: 12    Spells: 2/2 levels left

rFire    . . .     SeeInvis .   a - +0 mace
rCold    . . .     Gourm    .   (no shield)
rNeg     + . .     Faith    .   f - +1 robe {rN+}
rPois    .         Spirit   +   (no helmet)
rElec    .         Reflect  .   i - +0 cloak
rCorr    .         Harm     .   j - +0 pair of gloves
MR       .....                  (no boots)
Stlth    +.........             (no amulet)
Regen    0.1/turn               (no ring)
MPRegen  0.1/turn               (no ring)

@: confused, flying
A: claws 1, magic shield
a: Berserk, Burn Spellbooks, Renounce Religion


You were on level 2 of the Dungeon.
You worshipped Trog.
Trog was aware of your devotion.
You were not hungry.

You visited 1 branch of the dungeon, and saw 2 of its levels.

You collected 16 gold pieces.

Inventory:

Hand Weapons
 a - a +0 mace (weapon)
Armour
 b - a +0 animal skin
 f - a +1 robe of positive energy (worn)
 i - a +0 cloak (worn)
 j - a +0 pair of gloves (worn)
Scrolls
 d - a scroll of magic mapping {unknown}
 e - a scroll of noise {unknown}
 g - 3 scrolls of teleportation {unknown}
 k - a scroll of remove curse {unknown}
 l - a scroll of fog {unknown}
 m - 3 scrolls of enchant armour {unknown}
Comestibles
 c - 2 bread rations


   Skills:
 + Level 3.4 Fighting
 + Level 3.2 Maces & Flails
 + Level 1.8 Armour
 + Level 2.1 Dodging
 + Level 1.0 Stealth


You had 2 spell levels left.
You didn't know any spells.

Dungeon Overview and Level Annotations

Branches:
Dungeon (2/15)

Altars:

Annotations:
D:2 Sigmund


Innate Abilities, Weirdness & Mutations

You have sharp fingernails.
When hurt, damage is shared between your health and your magic reserves.


Message History

You feel invigorated.
You hear some strange, mumbled words.
You are more confused.
You hear some strange, mumbled words.
You are more confused.
You bump into the rock wall.
Something hits you!
You bump into the rock wall.
You're too confused to move!
Something hits you.
You bump into the rock wall.
You feel less invigorated. Something hits you!
You hit something. Something hits you! Something hits you but does no damage.
Something barely misses you.
You're too confused to move!
You hear some strange, mumbled words.
You are more confused.
Something hits you!
* * * LOW HITPOINT WARNING * * *
You're too confused!
Something hits you!
You die...

#### #....### .......#
#.##.#.###
#.##.#..@############# #
#....................# ##
#
#..#.#){.###...#####.###.
#.##..#.#.####.....#
#.##.# #...%.....#
##...## #...##
####..##### ##.## ####.#
#.....# #.# ##. #.....#
#.# ## #....... ##+# #


There were no monsters in sight!

Vanquished Creatures
  An adder (D:2)
  A worm (D:2)
  A dart slug (D:2)
  A leopard gecko (D:2)
  A bat (D:2)
  A giant cockroach (D:2)
  4 goblins
  6 hobgoblins
  2 jackals (D:2)
  A kobold (D:1)
  A frilled lizard (D:1)
  4 rats
24 creatures vanquished.

Notes
Turn   | Place    | Note
-------+----------+-------------------------------------------
     0 | D:1      | vineage the Demonspawn Berserker began the quest for the Orb.
     0 | D:1      | Reached XP level 1. HP: 18/18 MP: 1/1
   494 | D:2      | Gained mutation: You have sharp fingernails. [demonic ancestry]
   494 | D:2      | Reached XP level 2. HP: 22/24 MP: 2/2
   863 | D:2      | Gained mutation: When hurt, damage is shared between your health and your magic reserves. [demonic ancestry]
   863 | D:2      | Reached XP level 3. HP: 7/29 MP: 3/3
  1290 | D:2      | Reached skill level 1 in Stealth
  1320 | D:2      | Noticed Sigmund
  1353 | D:2      | Slain by Sigmund

Skill      XL: |  1  2  3 |
---------------+----------+-----
Maces & Flails | 3 |  3.2
Dodging        | 2 |  2.1
Stealth        | 1 |  1.0
Fighting       | |  3.4
Armour         | |  1.8

Action                   || total
-------------------------++-------
Melee: Mace              ||    81
  Use: Potion            ||     2
 Stab: Sleeping          ||     3
  Eat: Meat ration       ||     1
Armor: Robe              ||    27
Dodge: Dodged            ||    56
